Map: Submarine LE

Players

Solar - Winner!

  • Race: Zerg Zerg
  • League: Master
  • Spawn Location: 11:00

Stats

  • Race: Protoss Protoss
  • League: Grandmaster
  • Spawn Location: 5:00

VOD

Have the link to the VOD?

Description

Time

  • Played on: Jan. 15, 2021, 8:48 a.m.
  • Length: 7:28
Show
View Real Time Build Order
Export as new Build Order

Solar Zerg - Winner!

Build Orders: Hatch First 

Get SALT Encoding   

  12  0:00  Drone  
  13  0:12  Overlord  
  13  0:17  Drone  
  14  0:30  Drone x2  
  16  0:48  Hatchery  
  15  0:51  Drone  
  15  0:54  Drone  
  17  0:57  Drone  
  18  1:08  Extractor  
  17  1:14  Spawning Pool  
  17  1:16  Drone  
  17  1:21  Drone  
  18  1:28  Drone  
  19  1:39  Drone  
  20  1:49  Overlord  
  20  2:01  Queen x2  
  22  2:02  Zergling x4  
  26  2:11  Metabolic Boost  
  26  2:12  Drone  
  26  2:14  Drone  
  28  2:24  Drone x2  
  30  2:36  Hatchery  
  29  2:38  Zergling x2  
  30  2:45  Queen  
  30  2:49  Overlord  
  32  2:52  Drone  
  32  2:55  Drone  
  32  2:56  Drone  
  35  3:05  Drone  
  36  3:10  Drone x2  
  36  3:11  Drone x3  
  41  3:15  Drone  
  41  3:16  Overlord  
  42  3:20  Drone x2  
  42  3:24  Overlord  
  44  3:35  Spore Crawler  
  44  3:36  Drone x2  
  45  3:42  Zergling x4  
  45  3:43  Queen, Drone x2  
  45  3:47  Zergling x2  
  52  3:49  Queen  
  52  3:52  Drone  
  52  3:54  Zergling x2  
  56  3:58  Drone x3  
  56  4:00  Overlord  
  59  4:04  Spore Crawler  
  59  4:05  Drone  
  59  4:10  Zergling x2  
  59  4:12  Overlord  
  59  4:13  Drone  
  59  4:14  Drone x2  
  63  4:19  Zergling x4, Spore Crawler  
  63  4:21  Zergling x2  
  65  4:24  Roach Warren  
  65  4:28  Zergling x6  
  65  4:30  Zergling x2  
  67  4:32  Zergling x4  
  67  4:34  Extractor  
  67  4:35  Zergling x2  
  69  4:40  Overlord  
  69  4:46  Zergling x4  
  69  4:50  Queen  
  73  4:53  Zergling x4  
  73  4:55  Overlord  
  75  5:04  Roach x7  
  75  5:05  Zergling x4  
  87  5:09  Roach  
  87  5:12  Roach x2  
  76  5:23  Zergling x4  
  77  5:28  Roach x2  
  79  5:35  Drone x2  
  80  5:44  Zergling x6  
  80  5:48  Extractor  
  82  5:50  Zergling x6  
  82  5:52  Overlord  
  85  5:58  Roach x2  
  85  6:01  Overlord x3  
  89  6:04  Overlord  
  89  6:08  Overlord  
  89  6:09  Overlord  
  89  6:10  Ravager  
  90  6:12  Zergling x6  
  90  6:16  Zergling x2, Drone  
  90  6:17  Zergling x2  
  95  6:21  Zergling x6  
  95  6:23  Ravager x2  
  100  6:28  Zergling x6  
  100  6:29  Zergling x2  
  100  6:31  Ravager  
  105  6:35  Zergling x2  
  105  6:36  Zergling x6  
  109  6:40  Ravager  
  109  6:44  Zergling x2, Roach x2  
  109  6:47  Zergling x4  
  117  6:49  Ravager  
  117  6:50  Zergling x2  
  117  6:52  Zergling x2  
  120  6:57  Zergling x2  
  120  7:00  Zergling x4  
  113  7:05  Zergling x12  
  110  7:09  Ravager  
  110  7:10  Zergling x2  
Show
View Real Time Build Order
Export as new Build Order

Stats Protoss 

Build Orders: 1 Gate Expand, Mass Adepts 

Get SALT Encoding   

  12  0:00  Probe  
  13  0:13  Pylon  
  13  0:17  Probe (Chrono Boost)  
  14  0:27  Probe (Chrono Boost)  
  15  0:32  Probe (Chrono Boost)  
  16  0:40  Gateway  
  16  0:44  Probe  
  16  0:47  Assimilator  
  17  0:56  Probe  
  18  1:08  Probe  
  19  1:20  Probe  
  20  1:26  Nexus  
  20  1:33  Cybernetics Core  
  20  1:37  Probe  
  21  1:44  Assimilator  
  21  1:49  Probe  
  21  1:52  Pylon  
  22  2:01  Probe  
  22  2:07  Adept (Chrono Boost)  
  23  2:10  Warp Gate  
  23  2:13  Probe  
  26  2:25  Probe  
  26  2:27  Stalker (Chrono Boost)  
  29  2:38  Probe (Chrono Boost)  
  29  2:42  Twilight Council  
  29  2:43  Probe (Chrono Boost)  
  31  2:47  Probe (Chrono Boost)  
  31  2:50  Robotics Facility  
  31  2:51  Probe (Chrono Boost)  
  33  2:53  Probe  
  34  3:02  Gateway  
  34  3:05  Adept  
  34  3:08  Probe  
  34  3:10  Probe  
  34  3:12  Resonating Glaives (Chrono Boost)  
  38  3:20  Probe  
  38  3:26  Gateway  
  39  3:29  Gateway  
  39  3:36  Warp Prism (Chrono Boost), Probe  
  42  3:46  Pylon  
  42  3:47  Probe  
  43  3:48  Probe  
  43  3:53  Pylon  
  44  4:02  Adept  
  44  4:04  Adept  
  44  4:05  Probe x2  
  44  4:09  Observer  
  51  4:12  Pylon  
  51  4:23  Probe x2  
  51  4:24  Adept x4  
  59  4:27  Assimilator  
  59  4:30  Pylon  
  61  4:48  Adept x4, Pylon  
  61  4:49  Probe x2  
  71  4:56  Assimilator  
  69  5:08  Adept x3  
  69  5:09  Adept  
  67  5:14  Immortal  
  67  5:15  Probe  
  67  5:17  Probe  
  71  5:32  Sentry x2  
  75  5:51  Pylon, Immortal (Chrono Boost)  
  75  5:52  Pylon, Probe x2  
  75  5:54  Pylon  
  81  5:58  Sentry  
  81  6:00  Sentry  
  86  6:04  Probe  
  86  6:09  Probe  
  87  6:13  Nexus  
  87  6:14  Pylon  
  87  6:21  Immortal (Chrono Boost)  
  87  6:25  Probe x2, Forge  
  93  6:32  Sentry x2  
  95  6:33  Adept x2  
  95  6:39  Probe x2  
  103  6:40  Shield Battery  
  103  6:45  Pylon  
  103  6:52  Immortal (Chrono Boost)  
  84  7:15  Adept x4  
Tags
 
Add a new tag
Caveats
  • Supply blocks, unpowered buildings, or Contaminate may cause inaccurate times.
  • Supply counts are checked every 10 seconds.